 Dungeon Crawl Stone Soup version 0.30-a0-331-g8ab09dc110 (webtiles) character file.

Game seed: 16134913346314432446

307 porpoise the Poker (level 6, -1/48 HPs)
             Began as a Demonspawn Gladiator on Oct 29, 2022.
             Killed by nerve-wracking pain
             ... invoked by an orc priest
              (7 damage)
             ... on level 3 of the Dungeon.
             The game lasted 00:10:34 (2766 turns).

porpoise the Poker (Demonspawn Gladiator)           Turns: 2766, Time: 00:10:35

Health: -1/48      AC: 10    Str: 16    XL:     6   Next: 16%
Magic:  6/6        EV: 11    Int: 10    God:
Gold:   150        SH:  4    Dex: 16    Spells: 5/5 levels left

rFire   . . .      SeeInvis .    a - +0 trident
rCold   . . .      Faith    .    (no shield)
rNeg    . . .      Spirit   .    g - +0 ring mail
rPois   .          Reflect  .    c - +0 helmet
rElec   .          Harm     .    (no cloak)
rCorr   .          Rampage  .    (no gloves)
Will    .....                    (no boots)
Stlth   ++........               (no amulet)
HPRegen 0.28/turn                (no ring)
MPRegen 0.10/turn                (no ring)

@: no status effects
A: thin skeletal structure 1, foul stench 1, icemail 1, condensation shield
a: no special abilities


You were on level 3 of the Dungeon.
You visited 1 branch of the dungeon, and saw 3 of its levels.

You collected 241 gold pieces.
You spent 91 gold pieces at shops.

Inventory:

Hand Weapons
 a - a +0 trident (weapon)
Missiles
 b - 5 boomerangs
 d - 3 throwing nets
 e - a javelin
 i - 11 poisoned darts (quivered)
Armour
 c - a +0 helmet (worn)
 g - a +0 ring mail (worn)
 s - a +0 troll leather armour {Pargi}
Magical Staves
 o - a staff of air
 p - a staff of cold
Scrolls
 f - 2 scrolls of amnesia {unknown}
 h - 3 scrolls of identify {unknown}
 m - a scroll of poison {unknown}
 q - a scroll of teleportation {unknown}
 t - a scroll of immolation {unknown}
 u - a scroll of torment {unknown}
Potions
 j - a potion of curing
 k - a potion of flight {unknown}
 l - a potion of mutation {unknown}
 n - a potion of resistance {unknown}
 r - 2 potions of lignification


   Skills:
 + Level 4.0 Fighting
 * Level 5.4 Polearms
 - Level 1.7 Throwing
 - Level 2.6 Dodging


You had 5 spell levels left.
You didn't know any spells.
Your spell library contained the following spells:

 Spells                   Type           Power      Damage    Failure   Level
 Apportation              Tloc           0%         N/A       58%         1
 Animate Dead             Necr           0%         N/A       100%        4
 Alistair's Intoxication  Tmut/Pois      0%         N/A       100%        5
 Yara's Violent Unravell  Hex/Tmut       0%         3d3       100%        5
 Enfeeble                 Hex            0%         N/A       100%        7
 Haunt                    Necr/Summ      0%         N/A       100%        7
 Infestation              Necr           0%         N/A       100%        8


Dungeon Overview and Level Annotations

Branches:
Dungeon (3/15)

Altars:

Shops:
D:2 =   D:3 !


Innate Abilities, Weirdness & Mutations

You have a somewhat thin skeletal structure. (Dex +2, Stealth+)
You may rarely emit foul miasma when damaged in melee.
A meltable icy envelope protects you from harm. (AC +4)
A meltable shield of frost defends you. (SH +4)


Message History

The orc priest shouts!
You barely miss the goblin. The goblin hits you with a +0 club.
You barely miss the goblin.
The orc priest calls down the wrath of Beogh upon you.
Beogh smites you! You block the goblin's attack.
You hit the goblin.
You kill the goblin!
You see here a +0 club.
The orc priest barely misses you.
You barely miss the orc priest.
The orc priest invokes the aid of Beogh against you.
Pain shoots through your body!
You completely miss the orc priest.
The orc priest mumbles some strange prayers to Beogh against you.
Beogh smites you!
* * * LOW HITPOINT WARNING * * *
You barely miss the orc priest. The orc priest closely misses you.
You hit the orc priest but do no damage.
The orc priest calls down the wrath of Beogh upon you.
Beogh smites you!
* * * LOW HITPOINT WARNING * * *
You barely miss the orc priest.
The orc priest hits you but does no damage.
You feel better.
The orc priest hits you with a +0 short sword.
* * * LOW HITPOINT WARNING * * *
You closely miss the orc priest.
The orc priest hits you but does no damage.
You completely miss the orc priest.
The orc priest hits you with a +0 short sword.
* * * LOW HITPOINT WARNING * * *
The orc priest barely misses you.
You aren't carrying any items that you can evoke.
Unknown command.
Unknown command.
You puncture the orc priest!
The orc priest is severely wounded.
The orc priest mumbles some strange prayers to Beogh against you.
Pain shoots through your body!
You die...

#.#.#..#.###.######.#.
#.#.#......#........#.
#.#.##.##.###########.
#.#.##.#............#.
#.#.#...............#.
#.#.##################
#.#.......†...........
#.####################
#...)@o......
#############


You could see an orc priest.

Vanquished Creatures
  Pargi (D:3)
  An orc priest (D:3)
  4 gnolls (D:2)
  7 adders
  2 dart slugs
  2 orcs (D:3)
  6 endoplasms
  4 giant cockroaches
  9 goblins
  7 hobgoblins
  2 jackals (D:2)
  5 kobolds
  6 quokkas
  7 ball pythons
  5 bats
  7 frilled lizards
  3 rats
78 creatures vanquished.

Notes
Turn   | Place    | Note
-------+----------+-------------------------------------------
     0 | D:1      | porpoise the Demonspawn Gladiator began the quest for the
                  | Orb.
     0 | D:1      | Reached XP level 1. HP: 16/16 MP: 1/1
    64 | D:1      | Reached skill level 3 in Polearms
   109 | D:1      | Gained mutation: A meltable shield of frost defends you.
                  | (SH +4) [demonic ancestry]
   109 | D:1      | Reached XP level 2. HP: 22/22 MP: 2/2
   575 | D:1      | Gained mutation: A meltable icy envelope protects you from
                  | harm. (AC +4) [demonic ancestry]
   575 | D:1      | Reached XP level 3. HP: 28/28 MP: 3/3
   970 | D:2      | Reached skill level 4 in Polearms
   970 | D:2      | Gained mutation: You may rarely emit foul miasma when
                  | damaged in melee. [demonic ancestry]
   970 | D:2      | Reached XP level 4. HP: 12/35 MP: 4/4
  1551 | D:2      | Found Ytzehu's Jewellery Boutique.
  2236 | D:3      | Reached XP level 5. HP: 36/41 MP: 5/5
  2278 | D:3      | Found Yjuni's Distillery.
  2302 | D:3      | Bought a potion of curing for 39 gold pieces
  2302 | D:3      | Bought a potion of degeneration for 13 gold pieces
  2302 | D:3      | Bought a potion of lignification for 39 gold pieces
  2404 | D:3      | Noticed Pargi
  2418 | D:3      | Killed Pargi
  2419 | D:3      | Reached skill level 5 in Polearms
  2437 | D:3      | Gained mutation: You have a somewhat thin skeletal
                  | structure. (Dex +2, Stealth+) [demonic ancestry]
  2437 | D:3      | Reached XP level 6. HP: 48/48 MP: 6/6
  2600 | D:3      | Found a faded altar of an unknown god.
  2761 | D:3      | HP: 2/48 [orc priest/divine providence (12)]
  2766 | D:3      | Killed from afar by an orc priest

Illustrated notes

Levels and vault maps discovered:
D:1:      heliophobic_arrival_battle_scene, layout_basic
D:2:      layout_basic, serial_shops, shop, corexii_item_surrounded_by_moat,
          minmay_misc_feat_alley
D:3:      layout_basic, serial_shops, nicolae_diamond_shop,
          nicolae_lakefront_shop, nicolae_shop_advertising_works
          [nicolae_subvault_shop_adworks], nicolae_shop_crystal,
          shapermc_ecumenical_altar_petra, minmay_misc_feat_pillars, uniq_robin,
          uniq_pargi

Skill      XL: |  1  2  3  4  5  6 |
---------------+-------------------+-----
Polearms       | 3 4 5 |  5.4
Fighting       | 3 4 |  4.0
Throwing       | |  1.7
Dodging        | |  2.6

Action                   |  1- 3 |  4- 6 || total
-------------------------+-------+-------++-------
Melee: Trident           |   114 |   147 ||   261
       Punch             |       |     1 ||     1
Throw: Dart              |       |     9 ||     9
       Throwing net      |       |     2 ||     2
  Use: Potion            |       |     1 ||     1
Armor: Leather armour    |     4 |       ||     4
       Ring mail         |    32 |    51 ||    83
Dodge: Dodged            |    43 |    65 ||   108
Block: Other             |    14 |    20 ||    34

Table legend: (Time is in decaauts)
 A = Elapsed time spent in this place.
 B = Non-inter-level travel time spent in this place.
 C = Inter-level travel time spent in this place.
 D = Time resting spent in this place.
 E = Time spent auto-exploring this place.
 F = Levels seen in this place.
 G = Mean time per level.
                   A        B        C        D        E       F      G
               +--------+--------+--------+--------+--------+-----+--------+
         Total |   2789 |   2739 |     50 |    580 |   1564 |   3 |  929.7 |
       Dungeon |   2789 |   2739 |     50 |    580 |   1564 |   3 |  929.7 |
               +--------+--------+--------+--------+--------+-----+--------+

Top non-repeatable levels by time:
     D:2: 1400 daAuts
     D:1: 813 daAuts
     D:3: 575 daAuts
